 Dungeon Crawl Stone Soup version 0.30-a0-159-g068b764562 (webtiles) character file.

Game seed: 16896318889660688453

8462 qw the Cleaver (level 11, -3/71 HPs)
             Began as a Gargoyle Fighter on Sept 27, 2022.
             Was a Believer of Okawaru.
             Slain by an ice devil (19 damage)
             ... summoned by an obsidian statue
             ... on level 9 of the Dungeon.
             The game lasted 00:04:30 (12580 turns).

qw the Cleaver (Gargoyle Fighter)                  Turns: 12580, Time: 00:04:31

Health: -3/71      AC: 33    Str: 24      XL:     11   Next: 31%
Magic:  13/14      EV: 12    Int:  9      God:    Okawaru [**....]
Gold:   352        SH:  6    Dex:  8 (9)  Spells: 10/10 levels left

rFire   . . .      SeeInvis +    Y - +1 war axe (protect)
rCold   . . .      Faith    .    c - +0 buckler
rNeg    + . .      Spirit   .    u - +6 plate armour
rPois   inf        Reflect  .    (no helmet)
rElec   +          Harm     .    g - +0 cloak
rCorr   .          Rampage  .    j - +2 pair of gloves
Will    .....                    (no boots)
Stlth   ..........               (no amulet)
HPRegen 0.21/turn                k - ring of see invisible
MPRegen 0.14/turn                h - +4 ring of evasion

@: heroic, corroded, under a protective aura, mesmerised
A: sickness immunity, AC +8, negative energy resistance 1, electricity
resistance, torment resistance 1, petrification resistance
a: Renounce Religion, Heroism


You were on level 9 of the Dungeon.
You worshipped Okawaru.
Okawaru was pleased with you.
You visited 2 branches of the dungeon, and saw 10 of its levels.

You collected 667 gold pieces.
You spent 315 gold pieces at shops.


Innate Abilities, Weirdness & Mutations

You are immune to sickness and miasma.
Your stone body is resilient. (AC +8)
You are immune to poison.
You resist negative energy. (rN+)
You are resistant to electric shocks. (rElec)
You are resistant to unholy torment.
You are immune to petrification.


   Skills:
 - Level 9.1(14.1) Fighting
 - Level 11.7(16.7) Axes
 - Level 3.1(8.1) Throwing
 + Level 7.3(12.3) Armour
 - Level 1.0(6.0) Dodging
 - Level 5.2(10.2) Shields
 - Level 4.0 Invocations


You had 10 spell levels left.
You didn't know any spells.
Your spell library was empty.

Inventory:

Hand Weapons
 e - a +0 flail
 Y - a +1 war axe of protection (weapon)
Missiles
 n - a javelin (quivered)
Armour
 c - a +0 buckler (worn)
 g - a +0 cloak (worn)
 j - a +2 pair of gloves (worn)
 u - a +6 plate armour (worn)
Jewellery
 h - a +4 ring of evasion (right hand)
 k - a ring of see invisible (left hand)
 o - a ring of willpower
 r - a ring of positive energy
Scrolls
 a - 6 scrolls of identify
Potions
 b - a potion of haste
 d - 5 potions of might
 i - 3 potions of lignification
 l - 3 potions of curing
 m - a potion of cancellation
 q - a potion of heal wounds

Dungeon Overview and Level Annotations

Branches:
Dungeon (9/15)             Temple (1/1) D:6
   Lair: D:8-11         Orc: D:9-12

Altars:
Ashenzari
Cheibriados
Dithmenos
Elyvilon
Fedhas
Gozag
Hepliaklqana
Kikubaaqudgha
Makhleb
Nemelex Xobeh
Okawaru
Qazlal
Ru
Sif Muna
Trog
Uskayaw
Vehumet
Wu Jian
Xom
Yredelemnul
Zin
The Shining One

Shops:
D:1 (   D:7 !   D:9 [

Annotations:
D:3 1 runed translucent door, Crazy Yiuf
D:6 1 runed translucent door


Message History

The ice devil hits you but does no damage.
You hit the ice devil but do no damage.
The ice devil is severely wounded.
You hit the ice devil but do no damage.
The ice devil hits you but does no damage. x2
You closely miss the ice devil.
The ice devil is severely wounded.
You closely miss the quasit. You hit the ice devil but do no damage.
The quasit misses you. The quasit closely misses you.
The quasit claws you but does no damage.
The ice devil hits you but does no damage.
The obsidian statue slips into the dungeon's darkness for a moment.
You barely miss the ice devil.
The ice devil is severely wounded.
You hit the ice devil but do no damage. You miss the quasit.
The ice devil hits you but does no damage.
The quasit misses you.
The quasit claws you but does no damage. x2
The ice devil hits you but does no damage.
You closely miss the ice devil.
The ice devil is severely wounded.
You hit the ice devil but do no damage. You barely miss the quasit.
The quasit misses you.
The quasit claws you but does no damage. x2
The ice devil hits you but does no damage.
You hit the ice devil but do no damage.
The ice devil is severely wounded.
You hit the ice devil. You closely miss the quasit.
The ice devil hits you but does no damage.
The quasit bites you but does no damage.
The quasit claws you but does no damage. x2
The ice devil hits you but does no damage.
You hit the ice devil but do no damage.
The ice devil is severely wounded.
You barely miss the ice devil. You slash the quasit!
You block the quasit's attack.
The quasit claws you but does no damage.
The quasit closely misses you. The ice devil hits you!
The ice devil freezes you!!
You die...

.))........##$##.....##########.#
..##########...##.....## #.# ..#
#!.8..##.....# #.# ./#
#.....##...#########[#
..###########.....##.##.........#
............##.....###.....>....#
.............##45....#########[.#
####..###### #.445..## #..# #..#
###@..## #[.#
#..##########...###########..#
####...............).........[..#
................................#
###########.....................#
#...#################.# #
#########...#### ########.# .
................. .........# .
........######### ########.#


You could see an obsidian statue (mesmerising), 2 ice devils, a chaos spawn
(summoned), a quasit (summoned) and a white imp (summoned).

Vanquished Creatures
  A two-headed ogre (D:9)
  Joseph (D:9)
  A manticore (D:8)
  A cyclops (D:9)
  An ice statue (D:9)
  Maurice (D:9)
  A troll (D:9)
  A hornet (D:6)
  Grinder (D:3)
  A wyvern (D:8)
  5 yaks (D:4)
  A steam dragon (D:7)
  An acid dragon (D:9)
  5 water moccasins
  2 orc warriors
  An ice beast (D:4)
  2 sky beasts
  A black bear (D:4)
  An ogre (D:4)
  3 centaurs
  A phantom (D:5)
  3 kobold brigands
  4 bullfrogs
  2 necrophages
  A scorpion (D:6)
  7 wights
  22 killer bees
  An electric eel (D:8)
  2 howler monkeys (D:4)
  2 jellies
  8 hounds
  A human zombie (D:6)
  3 iguanas
  Jessica (D:3)
  Terence (D:3)
  A gnoll bouda (D:9)
  3 orc wizards
  10 gnolls
  11 adders
  4 white imps
  An ufetubus (D:4)
  3 worms
  8 dart slugs
  17 orcs
  5 ball pythons
  4 bats
  7 endoplasms
  5 giant cockroaches
  4 goblins
  6 hobgoblins
  3 jackals (D:1)
  2 quokkas
  A goblin skeleton (D:6)
  27 kobolds
  5 rats
218 creatures vanquished.

Notes
Turn   | Place    | Note
-------+----------+-------------------------------------------
     0 | D:1      | qw the Gargoyle Fighter began the quest for the Orb.
     0 | D:1      | Reached XP level 1. HP: 14/14 MP: 1/1
     0 | D:1      | 0 ||| qw: Version: 0.2-a-10-g37ed214
     0 | D:1      | 0 ||| qw: Game counter: 553
     0 | D:1      | 0 ||| qw: Always use a shield: true
     0 | D:1      | 0 ||| qw: God list: Okawaru
     0 | D:1      | 0 ||| qw: Allow faded altars: false
     0 | D:1      | 0 ||| qw: Do Orc after D:15 true
     0 | D:1      | 0 ||| qw: Do second Lair branch before Depths: true
     0 | D:1      | 0 ||| qw: Lair rune preference: random
     0 | D:1      | 0 ||| qw: Plans: Normal, Zot:1-4, God:TSO, Crypt, Tomb,
                  | Pan, Slime:5, Hells, Abyss, Orb
     0 | D:1      | 0 ||| PLANNING D:1-11
    21 | D:1      | Found a faded altar of an unknown god.
    31 | D:1      | Reached skill level 2 in Axes
   115 | D:1      | Reached XP level 2. HP: 19/19 MP: 2/2
   135 | D:1      | Found Bufisoki's Antique Weapon Shop.
   143 | D:1      | 143 ||| SHOPLISTING runed broad axe (175 gold, have 35).
   559 | D:1      | Reached skill level 3 in Axes
   666 | D:1      | Reached XP level 3. HP: 23/23 MP: 3/3
   777 | D:1      | 777 ||| Stepping ~*~*~tactically~*~*~ (stealth).
   925 | D:1      | 925 ||| Stepping ~*~*~tactically~*~*~ (stealth).
  1122 | D:1      | 1122 ||| UPGRADING to +2 pair of gloves.
  1127 | D:1      | 1127 ||| UPGRADING to ring of see invisible.
  1128 | D:1      | 1128 ||| READING 3 scrolls labelled FIAMMU JAE.
  1129 | D:1      | 1129 ||| READING scroll labelled POUHOEROCW.
  1130 | D:1      | 1130 ||| READING scroll labelled WOUD POCEOFIU.
  1131 | D:1      | 1131 ||| READING scroll labelled LYAR MALYD.
  1232 | D:1      | 1232 ||| READING 2 scrolls of identify.
  1232 | D:1      | 1232 ||| IDENTIFYING viscous purple potion
  1429 | D:2      | Reached XP level 4. HP: 28/28 MP: 4/4
  1698 | D:2      | Reached skill level 4 in Axes
  2053 | D:2      | 2053 ||| DROPPING ring of wizardry.
  2054 | D:2      | 2054 ||| UPGRADING to +4 ring of evasion.
  2055 | D:2      | 2055 ||| READING 2 scrolls of identify.
  2055 | D:2      | 2055 ||| IDENTIFYING purple potion
  2161 | D:3      | 2161 ||| Stepping ~*~*~tactically~*~*~ (stealth).
  2208 | D:3      | Noticed Jessica
  2225 | D:3      | Killed Jessica
  2226 | D:3      | Reached XP level 5. HP: 21/32 MP: 5/5
  2421 | D:3      | 2421 ||| Stepping ~*~*~tactically~*~*~ (stealth).
  2511 | D:3      | Reached skill level 5 in Axes
  2583 | D:3      | Noticed Grinder
  2593 | D:3      | Killed Grinder
  2594 | D:3      | Reached XP level 6. HP: 24/40 MP: 6/6
  2952 | D:3      | 2952 ||| DROPPING +0 club.
  2955 | D:3      | 2955 ||| DROPPING +0 whip.
  2995 | D:3      | Found a runed translucent door.
  2996 | D:3      | Noticed Crazy Yiuf
  3047 | D:3      | 3047 ||| Stepping ~*~*~tactically~*~*~ (hiding).
  3048 | D:3      | 3048 ||| Stepping ~*~*~tactically~*~*~ (hiding).
  3098 | D:3      | Reached skill level 1 in Dodging
  3139 | D:3      | Noticed Terence
  3140 | D:3      | 3140 ||| Stepping ~*~*~tactically~*~*~ (hiding).
  3141 | D:3      | 3141 ||| Stepping ~*~*~tactically~*~*~ (hiding).
  3142 | D:3      | 3142 ||| Stepping ~*~*~tactically~*~*~ (hiding).
  3144 | D:3      | 3144 ||| Stepping ~*~*~tactically~*~*~ (hiding).
  3146 | D:3      | 3146 ||| Stepping ~*~*~tactically~*~*~ (hiding).
  3147 | D:3      | 3147 ||| Stepping ~*~*~tactically~*~*~ (hiding).
  3166 | D:3      | Killed Terence
  3430 | D:3      | Reached XP level 7. HP: 40/44 MP: 7/7
  3465 | D:3      | 3465 ||| Stepping ~*~*~tactically~*~*~ (stealth).
  3473 | D:3      | 3473 ||| Stepping ~*~*~tactically~*~*~ (stealth).
  3474 | D:3      | 3474 ||| Stepping ~*~*~tactically~*~*~ (stealth).
  3475 | D:3      | 3475 ||| Stepping ~*~*~tactically~*~*~ (stealth).
  3484 | D:3      | Found a hazy altar of Hepliaklqana.
  3733 | D:3      | 3733 ||| DROPPING ring of magical power.
  3734 | D:3      | 3734 ||| READING scroll labelled GIOMAPH REUQA.
  3735 | D:3      | 3735 ||| READING scroll labelled GUNTYAWKOH.
  3736 | D:3      | 3736 ||| READING scroll labelled BURYNA BAXTYATIC.
  3847 | D:4      | 3847 ||| Stepping ~*~*~tactically~*~*~ (hiding).
  4007 | D:4      | Found a white marble altar of Elyvilon.
  4036 | D:4      | Reached skill level 6 in Axes
  4054 | D:4      | 4054 ||| Stepping ~*~*~tactically~*~*~ (hiding).
  4423 | D:4      | Found a stormy altar of Qazlal.
  4424 | D:4      | 4424 ||| Stepping ~*~*~tactically~*~*~ (stealth).
  4425 | D:4      | 4425 ||| Stepping ~*~*~tactically~*~*~ (stealth).
  4598 | D:4      | Reached skill level 7 in Axes
  4887 | D:4      | Reached XP level 8. HP: 48/50 MP: 8/8
  4942 | D:4      | Found a shimmering blue altar of Sif Muna.
  5195 | D:4      | 5195 ||| READING scroll labelled XUJIOFI VYILAD.
  5196 | D:4      | 5196 ||| READING scroll labelled UPAIXK BUBI.
  5197 | D:4      | 5197 ||| DRINKING 2 red potions.
  5198 | D:4      | 5198 ||| READING 3 scrolls of identify.
  5198 | D:4      | 5198 ||| IDENTIFYING inky potion
  5199 | D:4      | 5199 ||| DROPPING potion of invisibility.
  5200 | D:4      | 5200 ||| DROPPING potion of flight.
  5208 | D:5      | Entered Level 5 of the Dungeon
  5210 | D:5      | 5210 ||| STAIRDANCE
  5218 | D:5      | 5218 ||| STAIRDANCE
  5226 | D:5      | Noticed a yak
  5226 | D:5      | Noticed a yak
  5227 | D:5      | 5227 ||| STAIRDANCE
  5233 | D:5      | Noticed a yak
  5233 | D:5      | Noticed a yak
  5234 | D:5      | 5234 ||| STAIRDANCE
  5234 | D:5      | Noticed a yak
  5245 | D:4      | HP: 11/50 [yak (9)]
  5246 | D:4      | 5246 ||| DRINKING 3 potions of heal wounds.
  5250 | D:4      | Killed a yak
  5251 | D:4      | Reached skill level 8 in Axes
  5330 | D:5      | 5330 ||| STAIRDANCE
  5337 | D:4      | HP: 9/50 [yak (4)]
  5337 | D:4      | HP: 2/50 [yak (4)]
  5338 | D:4      | 5338 ||| DRINKING 2 potions of heal wounds.
  5339 | D:4      | 5339 ||| DRINKING potion of heal wounds.
  5342 | D:4      | Killed a yak
  5342 | D:4      | Killed a yak
  5344 | D:4      | Killed a yak
  5348 | D:4      | HP: 7/53 [yak (7)]
  5351 | D:4      | Killed a yak
  5352 | D:4      | Reached skill level 9 in Axes
  5352 | D:4      | Reached XP level 9. HP: 9/57 MP: 9/9
  5607 | D:5      | 5607 ||| STAIRDANCE
  5626 | D:5      | 5626 ||| Stepping ~*~*~tactically~*~*~ (hiding).
  5628 | D:5      | 5628 ||| Stepping ~*~*~tactically~*~*~ (hiding).
  5820 | D:5      | Found an ornate altar of the Wu Jian Council.
  6163 | D:5      | 6163 ||| UPGRADING to +0 chain mail.
  6173 | D:5      | 6173 ||| DROPPING +0 scale mail.
  6174 | D:5      | 6174 ||| DROPPING +0 ring mail of poison resistance.
  6175 | D:5      | 6175 ||| READING scroll labelled LIWIMO YFYNWAF.
  6176 | D:5      | 6176 ||| READING 2 scrolls labelled YMIOGE IN RUBESE.
  6179 | D:5      | 6179 ||| READING scroll labelled GORAT DAEGH.
  6229 | D:6      | Reached skill level 1 in Throwing
  6367 | D:6      | 6367 ||| Stepping ~*~*~tactically~*~*~ (stealth).
  6399 | D:6      | Found a sacrificial altar of Ru.
  6643 | D:6      | Noticed a hornet
  6647 | D:6      | Killed a hornet
  6648 | D:6      | Reached skill level 10 in Axes
  6692 | D:6      | Found a runed translucent door.
  6702 | D:6      | 6702 ||| READING scroll labelled GONYHE FIAHU.
  6703 | D:6      | 6703 ||| READING scroll of teleportation.
  6705 | D:6      | 6705 ||| FLEEEEING.
  6706 | D:6      | Found a staircase to the Ecumenical Temple.
  6707 | D:6      | 6707 ||| PLANNING TEMPLE
  6711 | Temple   | Entered the Ecumenical Temple
  6793 | Temple   | 6793 ||| PLANNING OKAWARU WORSHIP
  6978 | Temple   | Became a worshipper of Warmaster Okawaru
  6979 | Temple   | 6979 ||| PLANNING D:1-11
  7017 | D:6      | Found a basalt altar of Yredelemnul.
  7502 | D:6      | 7502 ||| READING 6 scrolls of identify.
  7502 | D:6      | 7502 ||| IDENTIFYING murky blue potion
  7637 | D:7      | Reached XP level 10. HP: 52/64 MP: 10/10
  7800 | D:7      | 7800 ||| Stepping ~*~*~tactically~*~*~ (hiding).
  7812 | D:7      | Reached skill level 3 in Throwing
  7817 | D:7      | HP: 16/64 [steam dragon (2)]
  7825 | D:7      | 7825 ||| DRINKING 2 potions of curing.
  7825 | D:7      | 7825 ||| (to cure confusion)
  8163 | D:7      | Reached * piety under Okawaru
  8288 | D:7      | Found Bocink's Distillery.
  8350 | D:7      | 8350 ||| INVOKING Heroism.
  8359 | D:7      | Reached skill level 1 in Invocations
  8420 | D:7      | 8420 ||| INVOKING Heroism.
  8656 | D:7      | 8656 ||| UPGRADING to +0 plate armour.
  8666 | D:7      | 8666 ||| DROPPING +0 chain mail.
  8667 | D:7      | 8667 ||| READING 4 scrolls of enchant armour.
  8667 | D:7      | 8667 ||| ENCHANTING +0 plate armour.
  8668 | D:7      | 8668 ||| READING 3 scrolls of enchant armour.
  8668 | D:7      | 8668 ||| ENCHANTING +1 plate armour.
  8669 | D:7      | 8669 ||| READING 2 scrolls of enchant armour.
  8669 | D:7      | 8669 ||| ENCHANTING +2 plate armour.
  8670 | D:7      | 8670 ||| READING scroll of enchant armour.
  8670 | D:7      | 8670 ||| ENCHANTING +3 plate armour.
  8671 | D:7      | 8671 ||| READING scroll labelled WOCROCSUNAH.
  8672 | D:7      | 8672 ||| READING 8 scrolls of identify.
  8672 | D:7      | 8672 ||| IDENTIFYING yellow potion
  8673 | D:7      | 8673 ||| READING 7 scrolls of identify.
  8673 | D:7      | 8673 ||| IDENTIFYING viscous puce potion
  8674 | D:7      | 8674 ||| DROPPING potion of degeneration.
  8675 | D:7      | 8675 ||| DROPPING potion of berserk rage.
  8721 | D:8      | 8721 ||| Stepping ~*~*~tactically~*~*~ (hiding).
  8723 | D:8      | 8723 ||| INVOKING Heroism.
  8908 | D:8      | 8908 ||| READING scroll of enchant armour.
  8908 | D:8      | 8908 ||| ENCHANTING +4 plate armour.
  8965 | D:8      | Reached skill level 3 in Invocations
  9096 | D:8      | Noticed a manticore
  9098 | D:8      | 9098 ||| INVOKING Heroism.
  9112 | D:8      | Killed a manticore
  9113 | D:8      | Reached skill level 6 in Armour
  9358 | D:8      | Found a burning altar of Makhleb.
  9360 | D:8      | Reached ** piety under Okawaru
  9443 | D:8      | 9443 ||| READING scroll of enchant armour.
  9443 | D:8      | 9443 ||| ENCHANTING +5 plate armour.
  9719 | D:8      | 9719 ||| DRINKING 2 sapphire potions.
  9820 | D:8      | 9820 ||| READING 6 scrolls of identify.
  9820 | D:8      | 9820 ||| IDENTIFYING white potion
  9821 | D:8      | 9821 ||| DROPPING potion of ambrosia.
  9862 | D:7      | 9862 ||| BUYING potion of curing (45 gold).
  9862 | D:7      | Bought a potion of curing for 45 gold pieces
  9862 | D:7      | 9862 ||| BUYING potion of curing (45 gold).
  9862 | D:7      | Bought a potion of curing for 45 gold pieces
  9862 | D:7      | 9862 ||| BUYING potion of heal wounds (75 gold).
  9862 | D:7      | Bought a potion of heal wounds for 75 gold pieces
  9862 | D:7      | 9862 ||| BUYING potion of heal wounds (75 gold).
  9862 | D:7      | Bought a potion of heal wounds for 75 gold pieces
  9862 | D:7      | 9862 ||| BUYING potion of heal wounds (75 gold).
  9862 | D:7      | Bought a potion of heal wounds for 75 gold pieces
  9891 | D:9      | 9891 ||| Stepping ~*~*~tactically~*~*~ (hiding).
  9896 | D:9      | 9896 ||| INVOKING Heroism.
 10000 | D:9      | 10000 ||| Stepping ~*~*~tactically~*~*~ (stealth).
 10004 | D:9      | 10004 ||| Stepping ~*~*~tactically~*~*~ (stealth).
 10014 | D:9      | 10014 ||| INVOKING Heroism.
 10159 | D:9      | 10159 ||| Stepping ~*~*~tactically~*~*~ (stealth).
 10166 | D:9      | 10166 ||| INVOKING Heroism.
 10167 | D:9      | 10167 ||| Stepping ~*~*~tactically~*~*~ (stealth).
 10172 | D:9      | 10172 ||| Stepping ~*~*~tactically~*~*~ (stealth).
 10185 | D:9      | Noticed Joseph
 10208 | D:9      | Killed Joseph
 10209 | D:9      | Reached skill level 11 in Axes
 10243 | D:9      | Found Leygat's Armour Boutique.
 10245 | D:9      | Noticed a cyclops
 10246 | D:9      | 10246 ||| INVOKING Heroism.
 10267 | D:9      | Killed a cyclops
 10387 | D:9      | 10387 ||| INVOKING Heroism.
 10411 | D:9      | 10411 ||| INVOKING Heroism.
 10412 | D:9      | 10412 ||| Stepping ~*~*~tactically~*~*~ (stealth).
 10413 | D:9      | 10413 ||| Stepping ~*~*~tactically~*~*~ (stealth).
 10417 | D:9      | 10417 ||| Stepping ~*~*~tactically~*~*~ (stealth).
 10426 | D:9      | Reached XP level 11. HP: 52/69 MP: 12/14
 10429 | D:9      | 10429 ||| FLEEEEING.
 10430 | D:9      | 10430 ||| FLEEEEING.
 10431 | D:9      | 10431 ||| FLEEEEING.
 10432 | D:9      | 10432 ||| FLEEEEING.
 10433 | D:9      | 10433 ||| FLEEEEING.
 10434 | D:9      | 10434 ||| FLEEEEING.
 10435 | D:9      | 10435 ||| FLEEEEING.
 10436 | D:9      | 10436 ||| FLEEEEING.
 10437 | D:9      | 10437 ||| FLEEEEING.
 10443 | D:9      | 10443 ||| FLEEEEING.
 10444 | D:9      | 10444 ||| FLEEEEING.
 10445 | D:9      | 10445 ||| FLEEEEING.
 10446 | D:9      | 10446 ||| FLEEEEING.
 10447 | D:9      | 10447 ||| FLEEEEING.
 10448 | D:9      | 10448 ||| FLEEEEING.
 10449 | D:9      | 10449 ||| FLEEEEING.
 10450 | D:9      | 10450 ||| FLEEEEING.
 10451 | D:9      | 10451 ||| FLEEEEING.
 10452 | D:9      | 10452 ||| FLEEEEING.
 10457 | D:9      | 10457 ||| FLEEEEING.
 10458 | D:9      | 10458 ||| FLEEEEING.
 10459 | D:9      | 10459 ||| FLEEEEING.
 10460 | D:9      | 10460 ||| STAIRDANCE
 10507 | D:9      | 10507 ||| STAIRDANCE
 10513 | D:8      | 10513 ||| INVOKING Heroism.
 10652 | D:9      | 10652 ||| STAIRDANCE
 10735 | D:9      | 10735 ||| INVOKING Heroism.
 10743 | D:9      | Reached skill level 9 in Fighting
 10850 | D:9      | Noticed a two-headed ogre
 10851 | D:9      | 10851 ||| INVOKING Heroism.
 10862 | D:9      | Killed a two-headed ogre
 10862 | D:9      | Reached *** piety under Okawaru
 10873 | D:9      | Noticed an obsidian statue
 10878 | D:9      | 10878 ||| INVOKING Heroism.
 10906 | D:9      | Noticed a sixfirhy
 10914 | D:9      | 10914 ||| INVOKING Heroism.
 10936 | D:9      | 10936 ||| INVOKING Heroism.
 10948 | D:9      | 10948 ||| Stepping ~*~*~tactically~*~*~ (hiding).
 10969 | D:9      | 10969 ||| INVOKING Heroism.
 10976 | D:9      | Noticed a sixfirhy
 10977 | D:9      | 10977 ||| Stepping ~*~*~tactically~*~*~ (hiding).
 10984 | D:9      | HP: 17/71 [sixfirhy[an obsidian statue] (3)]
 10985 | D:9      | 10985 ||| READING 2 scrolls of teleportation.
 10986 | D:9      | 10986 ||| DRINKING 6 potions of heal wounds.
 10987 | D:9      | 10987 ||| INVOKING Heroism.
 11327 | D:9      | 11327 ||| INVOKING Heroism.
 11328 | D:9      | 11328 ||| Stepping ~*~*~tactically~*~*~ (cloud).
 11348 | D:9      | 11348 ||| INVOKING Heroism.
 11367 | D:9      | 11367 ||| Stepping ~*~*~tactically~*~*~ (cloud).
 11369 | D:9      | HP: 11/71 [ice statue/bolt of cold (13)]
 11370 | D:9      | 11370 ||| READING scroll of teleportation.
 11371 | D:9      | 11371 ||| DRINKING 5 potions of heal wounds.
 11610 | D:9      | Noticed Maurice
 11611 | D:9      | 11611 ||| Stepping ~*~*~tactically~*~*~ (hiding).
 11630 | D:9      | 11630 ||| Stepping ~*~*~tactically~*~*~ (hiding).
 11633 | D:9      | 11633 ||| Stepping ~*~*~tactically~*~*~ (hiding).
 11641 | D:9      | 11641 ||| Stepping ~*~*~tactically~*~*~ (hiding).
 11644 | D:9      | 11644 ||| Stepping ~*~*~tactically~*~*~ (hiding).
 11645 | D:9      | 11645 ||| Stepping ~*~*~tactically~*~*~ (hiding).
 11646 | D:9      | 11646 ||| Stepping ~*~*~tactically~*~*~ (hiding).
 11647 | D:9      | 11647 ||| Stepping ~*~*~tactically~*~*~ (hiding).
 11653 | D:9      | Killed Maurice
 11767 | D:9      | 11767 ||| INVOKING Heroism.
 11842 | D:9      | 11842 ||| INVOKING Heroism.
 11843 | D:9      | 11843 ||| READING scroll labelled XISTOT CYSK.
 11844 | D:9      | 11844 ||| Stepping randomly (cloudy).
 11844 | D:9      | HP: 8/71 [ice statue] (28)]
 11845 | D:9      | 11845 ||| FLEEEEING.
 11846 | D:9      | 11846 ||| FLEEEEING.
 11847 | D:9      | 11847 ||| FLEEEEING.
 11848 | D:9      | 11848 ||| FLEEEEING.
 11849 | D:9      | 11849 ||| FLEEEEING.
 11850 | D:9      | 11850 ||| FLEEEEING.
 11851 | D:9      | 11851 ||| FLEEEEING.
 11852 | D:9      | 11852 ||| FLEEEEING.
 11853 | D:9      | 11853 ||| FLEEEEING.
 11854 | D:9      | 11854 ||| FLEEEEING.
 11855 | D:9      | 11855 ||| FLEEEEING.
 11856 | D:9      | 11856 ||| FLEEEEING.
 11857 | D:9      | 11857 ||| FLEEEEING.
 11858 | D:9      | 11858 ||| FLEEEEING.
 11859 | D:9      | 11859 ||| FLEEEEING.
 11860 | D:9      | 11860 ||| FLEEEEING.
 11861 | D:9      | 11861 ||| FLEEEEING.
 11862 | D:9      | 11862 ||| FLEEEEING.
 11863 | D:9      | 11863 ||| FLEEEEING.
 11864 | D:9      | 11864 ||| FLEEEEING.
 11865 | D:9      | 11865 ||| FLEEEEING.
 11866 | D:9      | 11866 ||| STAIRDANCE
 12141 | D:8      | 12141 ||| UPGRADING to +0 cloak.
 12175 | D:9      | 12175 ||| INVOKING Heroism.
 12180 | D:9      | 12180 ||| Stepping randomly (cloudy).
 12181 | D:9      | 12181 ||| Stepping ~*~*~tactically~*~*~ (cloud).
 12191 | D:9      | HP: 13/71 [ice statue/bolt of cold (6)]
 12192 | D:9      | 12192 ||| DRINKING 4 potions of heal wounds.
 12199 | D:9      | 12199 ||| Stepping ~*~*~tactically~*~*~ (cloud).
 12545 | D:9      | 12545 ||| INVOKING Heroism.
 12546 | D:9      | 12546 ||| Stepping ~*~*~tactically~*~*~ (hiding).
 12553 | D:9      | 12553 ||| Stepping ~*~*~tactically~*~*~ (hiding).
 12568 | D:9      | HP: 14/71 [ice devil[an obsidian statue] (8)]
 12569 | D:9      | 12569 ||| DRINKING 3 potions of heal wounds.
 12570 | D:9      | 12570 ||| DRINKING 2 potions of heal wounds.
 12571 | D:9      | 12571 ||| INVOKING Heroism.
 12580 | D:9      | HP: 16/71 [ice devil[an obsidian statue] (8)]
 12580 | D:9      | Slain by an ice devil

Levels and vault maps discovered:
D:1:      lightli_arrival_flooded_house, layout_loops_corners,
          chequers_ecumenical_altar_simple_redux, serial_shops, shop,
          chequers_serial_rivers_micro_e, serial_bayou_pond_c
D:2:      layout_basic, chequers_serial_rivers_small_3
D:3:      layout_loops_corners, marbit_many_paths, uniq_crazy_yiuf_cottage,
          uniq_jessica, uniq_grinder, uniq_terence
D:4:      layout_basic, old_standard_altar, elyvilon_altar_1,
          kennysheep_mini_moat
D:5:      layout_cave_pools, pdpol_wu_jian_five_deadly_venoms,
          hellmonk_bongcloud_opening
D:6:      layout_basic, dk_yredelemnul_ordeal, nicolae_overflow_crystal_walls,
          minmay_temple_entry_junction, kennysheep_dice
D:7:      layout_loops_ring, serial_shops, nicolae_take_the_stairs, eino_jars
D:8:      layout_cave_pods, makhleb_blood_cavern_becter, serial_park,
          serial_park_fountain, serial_park_avenue1, serial_park_avenue1
D:9:      minmay_separated_statues, layout_long_grid, serial_shops,
          nicolae_shop_waterfront, uniq_maurice, uniq_joseph
Temple:   minmay_temple_curvy_branch

Skill      XL: |  1  2  3  4  5  6  7  8  9 10 11 |
---------------+----------------------------------+-----
Axes           | 2 3 4 5 7 9 10 11 | 11.7
Fighting       | 5 7 8 9 |  9.1
Dodging        | 1 |  1.0
Shields        | 4 5 |  5.2
Throwing       | 2 3 |  3.1
Armour         | 5 7 |  7.3
Invocations    | 4 |  4.0

Action                   |  1- 3 |  4- 6 |  7- 9 | 10-12 || total
-------------------------+-------+-------+-------+-------++-------
Melee: War axe           |    94 |   150 |   291 |   466 ||  1001
Throw: Javelin           |       |       |    19 |    11 ||    30
       Boomerang         |       |       |       |    24 ||    24
Invok: Heroism           |       |       |       |    25 ||    25
  Use: Scroll            |     5 |     1 |    12 |    13 ||    31
       Potion            |       |       |     4 |     7 ||    11
Armor: Scale mail        |    37 |    52 |    84 |       ||   173
       Chain mail        |       |       |    61 |    52 ||   113
       Plate armour      |       |       |       |   278 ||   278
Dodge: Dodged            |    39 |    93 |   203 |   273 ||   608
Block: Buckler           |    23 |    19 |    58 |   129 ||   229

Table legend:
 A = Non-vault XP
 B = Vault XP
 C = Vault XP percentage of total XP
 D = Non-vault monster count
 E = Vault monster count
 F = Vault count percentage of total count
                 A         B        C        D         E       F
            +---------+---------+-------+---------+---------+-------
      Total |    9656 |    2433 |  20.1 |     197 |      21 |   9.6
            +---------+---------+-------+---------+---------+-------
        D:1 |      48 |       0 |   0.0 |      24 |       0 |   0.0
        D:2 |      56 |       0 |   0.0 |      13 |       0 |   0.0
        D:3 |     207 |     336 |  61.9 |      28 |       4 |  12.5
        D:4 |    1939 |       0 |   0.0 |      32 |       0 |   0.0
        D:5 |     423 |       0 |   0.0 |      10 |       0 |   0.0
        D:6 |    1270 |      87 |   6.4 |      17 |       4 |  19.0
        D:7 |    1044 |     563 |  35.0 |      12 |       9 |  42.9
        D:8 |    1553 |      43 |   2.7 |      22 |       1 |   4.3
        D:9 |    3116 |    1404 |  31.1 |      39 |       3 |   7.1
            +---------+---------+-------+---------+---------+-------
